 Dungeon Crawl Stone Soup version 0.31-a0-1205-g5e5e916f41 (webtiles) character file.

Game seed: 18399790136149936637

5257000 EnegeticOcto the Wretched Star (level 27, 240/240 HPs)
             Began as a Meteoran Earth Elementalist on Dec 12, 2023.
             Was the Champion of Lugonu.
             Escaped with the Orb
             ... and 4 runes on Dec 13, 2023!
             The game lasted 03:27:03 (22929 turns).

EnegeticOcto the Wretched Star (MeEE)              Turns: 22929, Time: 03:27:04

Health: 240/240    AC: 16    Str: 15    XL:     27
Magic:  75/75      EV: 19    Int: 28    God:    Lugonu [******]
Gold:   5663       SH: 18    Dex: 18    Spells: 16/77 levels left

rFire   + + +        M - staff of the Apocalypse {rPois rF+ MP+9 Dex-2 Conj Fire}
rCold   + + .        c - +5 kite shield
rNeg    + + .        H - +3 troll leather armour
rPois   +            m - -2 hat of the Alchemist {rElec rPois rF+ rC+ rN+ Will+ rMut rCorr}
rElec   +            K - +2 cloak {Will+}
rCorr   +            D - +2 pair of gloves of Midwinter {rF+}
SInv    .            r - +3 pair of mountain boots {steadfast, rC+}
Will    +++++        G - amulet of Juc Pasuvydy {rF+ Regen+ Stlth+}
Stlth   +            a - ring of magical power
HPRegen 2.20/turn    v - ring "Sifyt" {rN+ MP+9 Dex+5}
MPRegen 0.44/turn

%: resist mutation
@: very slightly contaminated, glowing, studying 4 skills
A: sense surroundings 3, otherworldly, glowing, explore regen, low MP 1
0: Orb of Zot
}: 4/15 runes: serpentine, barnacled, slimy, silver
a: Renounce Religion, Depart the Abyss, Banish, Corrupt, Enter the Abyss, Brand
Weapon With Distortion


You escaped.
You worshipped Lugonu.
Lugonu was exalted by your worship.
You visited 11 branches of the dungeon, and saw 55 of its levels.
You visited the Abyss 3 times.
You visited 1 ziggurat, and saw 15 of its levels.
You also visited: Sewer, Bailey and Gauntlet.

You collected 9246 gold pieces.
You spent 3583 gold pieces at shops.

Inventory:

Hand Weapons
 o - the +6 broad axe of Precise Incision {flame, rF++ rN+++ Str-2 Dex-4}
   (You bought it in a shop on level 2 of the Orcish Mines)

   Str-2:     It affects your strength (-2).
   Dex-4:     It affects your dexterity (-4).
   rF++:      It greatly protects you from fire.
   rN+++:     It renders you almost immune to negative energy.
 C - a +6 spear of distortion
   (You took it off a merfolk javelineer on level 4 of the Shoals)
Missiles
 s - 8 curare-tipped darts (quivered)
 F - 4 throwing nets {!f}
Armour
 c - a +5 kite shield (worn)
   (You found it on level 1 of the Dungeon)
 m - the -2 hat of the Alchemist (worn) {rElec rPois rF+ rC+ rN+ Will+ rMut rCorr}
   (You found it on level 4 of the Shoals)

   rF+:       It protects you from fire.
   rC+:       It protects you from cold.
   rElec:     It insulates you from electricity.
   rPois:     It protects you from poison rN+: It protects you from negative
   energy.
   Will+:     It increases your willpower.
   rCorr:     It protects you from acid and corrosion.
   rMut:      It protects you from mutation.
 n - the +8 orange crystal plate armour {Archmagi, Int+3 Clar}
   (You found it on level 14 of a ziggurat)

   Int+3:     It affects your intelligence (+3).
   Clar:      It protects you from confusion, rage, mesmerisation and fear.
 r - the +3 pair of mountain boots (worn) {steadfast, rC+}
   (You bought it in a shop on level 2 of the Vaults)

   Steadfast: It prevents involuntary movement, except for blinking,
   teleportation, or banishment.
   rC+:       It protects you from cold.
 D - the +2 pair of gloves of Midwinter (worn) {rF+}
   (You found it on level 5 of the Vaults)

   rF+:       It protects you from fire.
 H - a +3 troll leather armour (worn)
   (You found it on level 1 of the Orcish Mines)
 K - a +2 cloak of willpower (worn)
   (You found it on level 3 of the Crypt)
Magical Staves
 M - the staff of the Apocalypse (weapon) {rPois rF+ MP+9 Dex-2 Conj Fire}
   (You found it on level 3 of the Depths)

   [staff of fire]

   Base accuracy: +5 Base damage: 5 Base attack delay: 1.2 This weapon's minimum
   attack delay (0.6) is reached at skill level 12.
   Dex-2:     It affects your dexterity (-2).
   rF+:       It protects you from fire.
   rPois:     It protects you from poison MP+9: It affects your magic capacity
   (+9).
   Conj:      It increases the power of your Conjurations spells.
   Fire:      It increases the power of your Fire spells.
   It falls into the 'Staves' category.
   It is a one-handed weapon.
Jewellery
 a - a ring of magical power (left hand)
   (You found it on level 1 of the Shoals)
 v - the ring "Sifyt" (right hand) {rN+ MP+9 Dex+5}
   (You found it on level 3 of the Crypt)

   [ring of positive energy]

   Dex+5:     It affects your dexterity (+5).
   rN+:       It protects you from negative energy.
   MP+9:      It affects your magic capacity (+9).
 z - a ring of flight
   (You found it on level 3 of the Depths)
 G - the amulet of Juc Pasuvydy (around neck) {rF+ Regen+ Stlth+}
   (You found it on level 5 of the Vaults)

   [amulet of regeneration]

   rF+:       It protects you from fire.
   Regen+:    It increases your rate of health regeneration.
   Stlth+:    It makes you more stealthy.
 R - the ring of Yskary {Fly rElec AC+4 Int+2}
   (You found it in a Gauntlet)

   [ring of protection]

   AC+4:      It affects your AC (+4).
   Int+2:     It affects your intelligence (+2).
   rElec:     It insulates you from electricity.
   Fly:       It grants you flight.
 Z - a ring of fire
   (You found it on level 1 of the Shoals)
Wands
 b - a wand of polymorph (16)
   (You found it on level 4 of the Shoals)
 u - a wand of acid (20) {@v1}
   (You took it off a naga mage on level 2 of the Snake Pit)
 A - a wand of digging (12) {@v3}
   (You found it on level 5 of the Vaults)
 N - a wand of iceblast (52) {@v2}
   (You found it on level 3 of the Elven Halls)
 U - a wand of paralysis (53)
   (You found it on level 3 of the Shoals)
Scrolls
 g - 13 scrolls of teleportation {@r3 !r}
 h - a scroll of enchant armour
 i - 4 scrolls of fog {!r}
 j - 8 scrolls of poison
 p - 4 scrolls of vulnerability
 t - 5 scrolls of immolation
 y - 7 scrolls of fear {!r}
 E - a scroll of blinking {@r4}
 X - 4 scrolls of silence {!r}
Potions
 d - 6 potions of enlightenment
 f - 20 potions of curing {@q1 !q}
 k - 2 potions of ambrosia
 l - 10 potions of cancellation
 q - 5 potions of berserk rage
 w - 10 potions of lignification {@q6}
 x - 4 potions of heal wounds {@q2 !q}
 B - 3 potions of brilliance
 I - 5 potions of haste {@q4 !q}
 J - 3 potions of attraction
 P - 16 potions of mutation
 S - 2 potions of resistance
Miscellaneous
 L - a phantom mirror
   (You found it on level 12 of the Dungeon)
 O - a phial of floods
   (You found it on level 13 of the Dungeon)
 Q - a lightning rod (4/4)
   (You found it in a Gauntlet)
 T - a tin of tremorstones (2/2)
   (You found it on level 5 of the Vaults)
 Y - a box of beasts
   (You found it on level 4 of the Snake Pit)


   Skills:
 + Level 18.5 Fighting
 - Level 10.0 Armour
 - Level 14.0 Dodging
 - Level 1.4 Stealth
 - Level 12.0 Shields
 + Level 25.7 Spellcasting
 O Level 27 Conjurations
 - Level 5.2 Necromancy
 - Level 8.0 Transmutations
 + Level 24.9 Fire Magic
 - Level 15.0 Earth Magic
 O Level 27 Invocations
 - Level 4.0 Evocations


You had 16 spell levels left.
You knew the following spells:

 Your Spells              Type           Power      Damage    Failure   Level
a - Bombard               Conj/Erth      62%        9d10      1%          6
b - Ignition              Fire           66%        3d18      1%          8
c - Fire Storm            Conj/Fire      79%        8d20      4%          9
d - Borgnjor's Vile Clut  Necr/Erth      37%        N/A       1%          5
e - Yara's Violent Unrav  Hex/Tmut       27%        3d12      11%         5
f - Plasma Beam           Fire/Air       51%        2x1d66    1%          6
g - Death Channel         Necr           30%        N/A       34%         6
i - Lee's Rapid Deconstr  Erth           44%        3d21*     1%          5
n - Sublimation of Blood  Necr           60%        N/A       1%          2
p - Passwall              Tmut/Erth      65%        N/A       1%          2
z - Irradiate             Conj/Tmut      58%        3d31      1%          5
Y - Blink                 Tloc           72%        N/A       3%          2

Your spell library contained the following spells:

 Spells                   Type           Power      Damage    Failure   Level
 Foxfire                  Conj/Fire      100%       2x1d9     0%          1
 Sandblast                Erth           100%       2d20      0%          1
 Shock                    Conj/Air       100%       1d9       0%          1
 Scorch                   Fire           100%       2d9       0%          2
 Searing Ray              Conj           100%       2d8       0%          2
 Static Discharge         Conj/Air       100%       3-8/arc   0%          2
 Stone Arrow              Conj/Erth      100%       3d13      0%          3
 Brom's Barrelling Bould  Conj/Erth      100%       2d11      0%          4
 Flame Wave               Conj/Fire      100%       2d21      0%          4
 Sticky Flame             Conj/Fire      100%       2d11      0%          4
 Fireball                 Conj/Fire      79%        3d29      0%          5
 Iskenderun's Battlesphe  Conj           100%       2d15      0%          5
 Starburst                Conj/Fire      79%        6d20      0%          6
 Necrotise                Necr           100%       1d9       1%          1
 Slow                     Hex            100%       N/A       1%          1
 Sting                    Tmut/Pois      100%       1d8       1%          1
 Summon Small Mammal      Summ           100%       N/A       1%          1
 Wereblood                Tmut           69%        N/A       1%          2
 Dazzling Flash           Conj/Hex       100%       N/A       1%          3
 Hailstorm                Conj/Ice       100%       3d16      1%          3
 Ignite Poison            Fire/Tmut/Pois 98%        N/A       1%          3
 Inner Flame              Hex/Fire       100%       N/A       1%          3
 Mephitic Cloud           Conj/Pois/Air  92%        N/A       1%          3
 Vampiric Draining        Necr           60%        2d10      1%          3
 Volatile Blastmotes      Fire/Tloc      100%       2d18      1%          3
 Iskenderun's Mystic Bla  Conj/Tloc      100%       2d19      1%          4
 Leda's Liquefaction      Hex/Erth       33%        N/A       1%          4
 Petrify                  Tmut/Erth      79%        N/A       1%          4
 Arcjolt                  Conj/Air       53%        1d63      1%          5
 Freezing Cloud           Conj/Ice/Air   46%        6-21      1%          5
 Conjure Ball Lightning   Conj/Air       53%        3x3d18    1%          6
 Animate Dead             Necr           60%        N/A       2%          4
 Dispel Undead            Necr           60%        3d21      2%          4
 Lesser Beckoning         Tloc           72%        N/A       3%          2
 Poisonous Vapours        Pois/Air       72%        N/A       3%          2
 Call Canine Familiar     Summ           36%        N/A       6%          3
 Confusing Touch          Hex            36%        N/A       6%          3
 Frozen Ramparts          Ice            72%        1d11      6%          3
 Gell's Gravitas          Tloc           36%        N/A       6%          3
 Ozocubu's Armour         Ice            36%        N/A       6%          3
 Sigil of Binding         Hex            36%        N/A       6%          3
 Summon Guardian Golem    Hex/Summ       36%        N/A       6%          3
 Swiftness                Air            36%        N/A       6%          3
 Teleport Other           Tloc           36%        N/A       6%          3
 Tukima's Dance           Hex            36%        N/A       6%          3
 Agony                    Necr           60%        N/A       6%          5
 Spellforged Servitor     Conj/Summ      53%        N/A       6%          7
 Anguish                  Hex/Necr       25%        N/A       7%          4
 Airstrike                Air            18%        2d(3-19)  19%         4
 Cause Fear               Hex            18%        N/A       19%         4
 Dimensional Bullseye     Hex/Tloc       18%        N/A       19%         4
 Olgreb's Toxic Radiance  Pois           36%        N/A       19%         4
 Passage of Golubria      Tloc           36%        N/A       19%         4
 Summon Ice Beast         Ice/Summ       36%        N/A       19%         4
 Summon Lightning Spire   Summ/Air       36%        N/A       19%         4
 Vhi's Electric Charge    Tloc/Air       72%        N/A       19%         4
 Silence                  Hex/Air        18%        N/A       47%         5
 Summon Forest            Summ/Tloc      18%        N/A       47%         5
 Summon Mana Viper        Hex/Summ       36%        N/A       47%         5
 Eringya's Noxious Bog    Tmut/Pois      27%        4d6       50%         6
 Simulacrum               Ice/Necr       25%        N/A       71%         6
 Haunt                    Necr/Summ      25%        N/A       99%         7
 Shatter                  Erth           44%        3d34*     99%         9
 Enfeeble                 Hex            18%        N/A       100%        7
 Malign Gateway           Summ/Tloc      18%        N/A       100%        7
 Monstrous Menagerie      Summ           18%        N/A       100%        7
 Ozocubu's Refrigeration  Ice            18%        4d11      100%        7
 Summon Hydra             Summ           18%        N/A       100%        7
 Borgnjor's Revivificati  Necr           30%        N/A       100%        8
 Discord                  Hex            18%        N/A       100%        8
 Disjunction              Tloc           18%        N/A       100%        8
 Maxwell's Capacitive Co  Air            18%        ∞         100%        8
 Chain Lightning          Conj/Air       53%        3d70      100%        9
 Death's Door             Necr           30%        N/A       100%        9
 Polar Vortex             Ice            18%        12d2*     100%        9


Dungeon Overview and Level Annotations

Branches:
Dungeon (15/15)              Lair (5/5) D:9          Shoals (4/4) Lair:3
  Snake (4/4) Lair:3        Slime (5/5) Lair:5          Orc (2/2) D:11
    Elf (3/3) Orc:2        Vaults (5/5) D:14          Crypt (3/3) Vaults:3
   Tomb (0/3) Crypt:3      Depths (4/4) D:15            Zot (5/5) Depths:4
  Sewer (visited)          Bailey (visited)         Gauntlet (visited)
 Temple: D:4-7

Altars:
Cheibriados
Dithmenos
Gozag
Sif Muna
Trog
Vehumet
Xom
Yredelemnul
Zin
Jiyva
Lugonu

Shops:
D:1 :   D:3 =   Orc:2 (?(=   Elf:1 [(*   Elf:2 ::=   Shoals:1 (   Vaults:1 (
Vaults:2 [   Vaults:4 !(:=(   Depths:3 (

Portals:
Abyss: Depths:3 Depths:4
Pandemonium: Depths:2

Annotations:
D:11 Harold
Lair:1 3 runed translucent doors, Goejex's ghost, novice DEFE
Shoals:2 exclusion: 2 oklob plants
Snake:3 Asterion


Innate Abilities, Weirdness & Mutations

You passively map a large area around you.
You are easily found by Zot.
You glow in the dark.
You regain HP and MP as you explore.
Your magical capacity is low. (-10% MP)


Message History

You feel a strong surge of power!
A raging storm of fire appears!
The great blast of fire engulfs the plant!!!!
The plant is almost destroyed.
The tree burns like a torch!
The great blast of fire engulfs the plant!!!!
You destroy the plant!
The plant is engulfed in blazing flames.
You destroy the plant!
Your fire vortex hits something.
Your fire vortex burns something!
Your fire vortex dissipates!
The forest fire spreads!
A nearby plant withers and dies.
The plant is engulfed in blazing flames.
The forest fire spreads!
The plant is engulfed in blazing flames.
The forest fire spreads!
A Wiho, 2 ynoxinuls and a small abomination come into view.
Casting: Fire Storm (dangerous; 4% risk of failure)
Confirm with . or Enter, or press ? or * to list all spells.
Aiming: Fire Storm (dangerous; 4% risk of failure)
Press: ? - help, Dir - move target, f - fire vortex
Aim: a fire vortex (spreading flames, friendly)
Okay, then.
Press: ? - help, v - describe, . - travel
Here: Wiho (spreading flames)
The floor.
Casting: Fire Storm (dangerous; 4% risk of failure)
Confirm with . or Enter, or press ? or * to list all spells.
Aiming: Fire Storm (dangerous; 4% risk of failure)
Press: ? - help, Dir - move target You feel a strong surge of power!
A raging storm of fire appears!
The great blast of fire engulfs the ynoxinul!!!!
You kill the ynoxinul!
Lugonu accepts your kill.
The great blast of fire engulfs the ynoxinul!!!!
You kill the ynoxinul!
Lugonu accepts your kill.
The great blast of fire engulfs Wiho!!!!
Wiho is burned terribly!
Wiho is heavily wounded.
You are engulfed in blazing flames.
You resist.
The plant is engulfed in blazing flames.
The forest fire spreads!
Casting: Fire Storm (dangerous; 4% risk of failure)
Confirm with . or Enter, or press ? or * to list all spells.
Aiming: Fire Storm (dangerous; 4% risk of failure)
Press: ? - help, Dir - move target You feel a strong surge of power!
A raging storm of fire appears!
The great blast of fire engulfs Wiho!!!!
Wiho is burned terribly!
You kill Wiho!
Lugonu accepts your kill.
You are engulfed in blazing flames.
You resist.
The plant is engulfed in blazing flames.
A nearby plant withers and dies.
The small abomination is engulfed in a forest fire.
The forest fire spreads!
The small abomination is engulfed in blazing flames.
The small abomination hits you but does no damage.
Casting: Fire Storm (dangerous; 4% risk of failure)
Confirm with . or Enter, or press ? or * to list all spells.
You feel a surge of power!
You erupt in a fountain of uncontrolled magic!
The small abomination is blasted with magical radiation!!!
You destroy the small abomination!
Lugonu accepts your kill.
You are very lightly contaminated with residual magic.
There is a staircase leading out of the dungeon here.
Casting: Irradiate (safe; 1% risk of failure)
Confirm with . or Enter, or press ? or * to list all spells.
You draw magical energy from your own body!
Casting: Sublimation of Blood (safe; 1% risk of failure)
Confirm with . or Enter, or press ? or * to list all spells.
You draw magical energy from your own body!
Casting: Sublimation of Blood (safe; 1% risk of failure)
Confirm with . or Enter, or press ? or * to list all spells.
You draw magical energy from your own body!
Casting: Sublimation of Blood (safe; 1% risk of failure)
Confirm with . or Enter, or press ? or * to list all spells.
You draw magical energy from your own body!
Casting: Sublimation of Blood (safe; 1% risk of failure)
Confirm with . or Enter, or press ? or * to list all spells.
You draw magical energy from your own body!
Unknown command.
Casting: Sublimation of Blood (safe; 1% risk of failure)
Confirm with . or Enter, or press ? or * to list all spells.
You draw magical energy from your own body!
Casting: Sublimation of Blood (safe; 1% risk of failure)
Confirm with . or Enter, or press ? or * to list all spells.
You draw magical energy from your own body!
Really quaff
x - 7 potions of heal wounds {@q2 !q}?
You feel much better.
Unknown command.
Really quaff
x - 6 potions of heal wounds {@q2 !q}?
You feel much better.
The forest fire spreads!
Really quaff
x - 5 potions of heal wounds {@q2 !q}?
You feel much better.
A hell beast comes into view.
Magic restored.
You have escaped!

#......♣..♣ #..#
#§§§§§☼§§§. ##.#
#§○§§.☼§§§. #.#
#§.§...§§§.♣ #.#
#§§§§°⌠.☼☼.♣ #.#
#§§§.°§§§§.♣ #.#
#§°☼°○§§§§.♣ #.#
#...°§§§§§.♣##.#
#♣@°°°☼§2§..'..#
♣♣§§§§§§§♣♣####
########


You could see a hell beast.

Vanquished Creatures
  the Royal Jelly (Slime:5)
  2 pandemonium lords
  3 dread liches
  2 ancient liches
  12 orbs of fire
  2 juggernauts (Depths:3)
  Parghit (Zot:4)
  The ghost of Wiewnimod the Metallomancer, a veteran GrEE of Ashenzari (Depths:3)
  6 Killer Klowns
  A curse toe (Zot:4)
  3 caustic shrikes
  7 golden dragons
  A profane servitor (Crypt:3)
  A bone dragon (Crypt:3)
  5 electric golems
  2 iron giants (Zig:13)
  12 tentacled monstrosities
  Rupert (Orc:2)
  6 Hell Sentinels
  3 Ice Fiends
  2 liches
  2 walking divine tomes
  2 deep elf blademasters (Elf:3)
  23 Orb Guardians
  7 titans
  8 quicksilver dragons
  12 sphinxes
  13 acid blobs
  2 deep elf master archers (Elf:3)
  7 death cobs
  Frances (D:13)
  2 ancient champions
  Agnes (Snake:4)
  11 shadow dragons
  Aizul (Elf:2)
  A revenant (Crypt:3)
  4 storm dragons
  Donald (Shoals:4)
  Roxanne (Shoals:1)
  7 tengu reavers
  A fire giant (shapeshifter) (Zig:9)
  14 rockslimes
  14 nagarajas
  15 azure jellies
  7 narguns (Zig:12)
  Kirke (Lair:5)
  10 frost giants
  A fenstrider witch (Zig:2)
  2 daevas (Depths:4)
  14 vault wardens
  10 draconian knights
  7 draconian monks
  2 deep elf sorcerers
  9 fire giants
  A balrug (Zot:5)
  3 iron dragons
  5 draconian scorchers
  3 quicksilver elementals
  Louise (Shoals:4)
  10 deep elf elementalists
  2 ghost moths
  5 orc warlords
  9 ironbound preservers
  4 draconian shifters
  2 ghouls
  3 curse skulls
  25 very ugly things
  An angel (Depths:4)
  2 draconian annihilators
  8 draconian stormcallers
  2 reapers (Zot:2)
  A formless jellyfish (Vaults:4)
  2 spriggan defenders (Depths:3)
  A broodmother (shapeshifter) (Zig:1)
  8 quicksilver oozes
  10 ironbound thunderhulks
  18 stone giants
  4 war gargoyles
  6 deep elf demonologists
  6 vampire knights
  2 wendigos (Zig:12)
  A minotaur (Gauntlet)
  8 green draconians
  16 white draconians
  A dire elephant (Lair:5)
  9 black draconians
  10 yellow draconians
  11 purple draconians
  6 spark wasps
  2 lorocyprocas
  7 red draconians
  11 deep elf annihilators
  A green death (Abyss:2)
  12 ettins
  An eidolon (Zig:6)
  7 merfolk javelineers
  7 merfolk impalers
  3 fire dragons
  5 entropy weavers
  7 deep elf death magi
  The ghost of anet the Ducker, a journeyman DjHW of Hepliaklqana (D:11)
  7 great orbs of eyes
  5 rakshasas
  6 hydras
  8 yaktaur captains
  A spriggan zombie (Abyss:2)
  17 jiangshi
  9 ice dragons
  7 deep elf high priests
  2 hell beasts
  3 salamander tyrants
  A peacekeeper (Vaults:4)
  4 ironbound frosthearts
  32 vault guards
  4 boulder beetles
  5 ogre magi
  4 merfolk avatars
  2 spriggan air magi
  A catoblepas (Lair:5)
  8 anacondas
  10 centaur warriors
  An alligator snapping turtle (Shoals:4)
  5 satyrs
  9 death knights
  13 two-headed ogres
  5 merfolk aquamancers
  6 tengu warriors
  A demonic crawler (D:1)
  4 hell hogs
  Urug (Lair:3)
  5 vampire magi
  11 deep troll earth magi
  8 deep troll shamans
  18 naga warriors
  7 death yaks
  9 dancing weapons
  11 naga sharpshooters
  2 occultists
  5 sun demons
  4 orc high priests (Zig:14)
  2 thrashing horrors (Abyss:2)
  3 spriggan berserkers
  3 hell knights
  A soul eater (Crypt:1)
  2 shadow wraiths
  12 deep elf knights
  5 shock serpents
  A fire crab (Lair:4)
  Amaemon (D:8)
  3 salamander mystics
  4 skysharks
  31 skeletal warriors
  14 sea snakes
  2 orange crystal statues (Zig:2)
  4 iron trolls
  39 deep trolls
  2 bog bodies (Crypt:1)
  Pikel (D:8)
  8 flayed ghosts
  6 deep elf archers
  6 lindwurms
  7 arcanists
  5 glowing orange brains
  14 ironbound convokers
  5 naga ritualists
  A shadow demon (Abyss:2)
  7 obsidian statues
  A swamp dragon (Zig:2)
  4 orc knights
  17 deep elf zephyrmancers
  15 deep elf pyromancers
  6 necromancers
  17 phantasmal warriors
  4 mana vipers
  A fenstrider witch simulacrum (Crypt:3)
  21 harpies
  2 fire giant zombies (Depths:1)
  9 orc sorcerers
  15 fauns
  A tengu skeleton (Vaults:5)
  47 ugly things
  4 shining eyes
  14 manticores
  7 cyclopes
  16 salamanders
  18 elephants
  7 merfolk sirens
  25 moths of wrath
  A worldbinder (Abyss:2)
  6 kobold blastminers
  9 guardian serpents
  2 fire giant skeletons (Vaults:5)
  An apocalypse crab (Zig:9)
  6 ice statues
  A dire elephant zombie (Lair:5)
  2 centaur zombies
  9 vault sentinels
  Joseph (D:7)
  14 large abominations
  3 eyes of devastation
  A water nymph (shapeshifter) (Depths:3)
  36 black mambas
  An orange demon (D:8)
  16 naga magi
  A rust devil (Abyss:2)
  16 cane toads
  A smoke demon (Abyss:2)
  A torpor snail (shapeshifter) (Vaults:5)
  2 unseen horrors
  8 water nymphs
  2 efreet
  3 hellions
  A tormentor (D:12)
  3 ice devils (Depths:1)
  4 centaur skeletons
  A yaktaur (shapeshifter) (Depths:2)
  A rime drake (D:9)
  5 komodo dragons
  A pale draconian skeleton (Crypt:2)
  A spriggan skeleton (Depths:1)
  7 freezing wraiths
  22 yaktaurs
  2 tengu conjurers
  2 guardian mummies (Crypt:1)
  An ancient zyme (Abyss:2)
  A harpy zombie (Crypt:3)
  5 polar bears
  A queen bee (shapeshifter) (D:15)
  A catoblepas skeleton (Crypt:1)
  A raiju (shapeshifter) (D:15)
  14 trolls
  A wolf spider simulacrum (Gauntlet)
  2 meliai (shapeshifter)
  15 merfolk
  10 wind drakes
  A spectral meliai (D:12)
  5 hornets
  A tyrant leech (Gauntlet)
  A moth of wrath zombie (Crypt:1)
  8 blink frogs
  2 glass eyes
  A snapping turtle (shapeshifter) (Depths:4)
  18 slime creatures
  An ettin zombie (Depths:1)
  6 snapping turtles
  2 air elementals
  A centaur simulacrum (Gauntlet)
  39 flying skulls (Crypt:3)
  A culicivora (Vaults:3)
  A culicivora (shapeshifter) (D:15)
  A spriggan (Depths:3)
  5 shadows
  3 fire elementals
  37 yaks
  2 ynoxinuls (D:1)
  14 water elementals
  7 wraiths
  4 wyverns
  3 fire bats (Depths:2)
  A vampire (D:9)
  5 basilisks
  Grum (D:9)
  10 redbacks
  5 golden eyes (Slime:4)
  A hog (shapeshifter) (D:15)
  2 humans (Bailey)
  A neqoxec (Abyss:2)
  A hog (Lair:5)
  6 chaos spawn
  3 vampire mosquitoes (D:14)
  5 wargs
  Menkaure (D:7)
  40 nagas
  3 swamp worms (Gauntlet)
  An acid dragon (D:10)
  4 hell hounds (Zot:5)
  25 water moccasins
  3 black bears
  37 orc warriors
  A sky beast (shapeshifter) (Depths:2)
  4 ice beasts
  2 sky beasts
  An ice beast (shapeshifter) (D:15)
  A dream sheep zombie (Crypt:2)
  16 wolves
  34 ogres
  14 centaurs
  A crocodile (Sewer)
  13 starcursed masses (Abyss:2)
  2 lemures (D:8)
  A phantom (D:4)
  3 kobold brigands
  A fire crab zombie (Crypt:2)
  5 necrophages
  3 scorpions
  18 bullfrogs
  3 earth elementals
  A cane toad simulacrum (Gauntlet)
  15 small abominations
  3 wights (D:10)
  An elephant simulacrum (Lair:5)
  A howler monkey (D:11)
  4 jellies
  An iron imp (Abyss:2)
  12 orc priests
  6 hounds
  2 human zombies (Crypt:1)
  A sleepcap (D:4)
  3 human skeletons (Crypt:1)
  An iguana (D:4)
  24 orc wizards
  5 hell rats (Lair:5)
  A deep dwarf zombie (Crypt:1)
  3 mummies (Crypt:1)
  8 gnolls
  3 adders
  2 ufetubi (Abyss:2)
  3 worms
  3 dart slugs
  53 orcs
  4 endoplasms
  8 giant cockroaches
  6 goblins
  2 hobgoblins (D:1)
  3 jackals (Sewer)
  2 quokkas (D:1)
  4 ball pythons
  3 bats
  4 frilled lizards
  A jackal skeleton (Crypt:2)
  23 kobolds
  6 rats
  5 fire vortices
2172 creatures vanquished.

Vanquished Creatures (collateral kills)
  A Killer Klown (Zig:9)
  An iron giant (Zig:15)
  An Orb Guardian (Zot:5)
  A draconian annihilator (Zot:5)
  A green draconian (Zot:1)
  A bunyip (shapeshifter) (Depths:3)
  A white draconian (Zig:11)
  A purple draconian (Zot:5)
8 creatures vanquished.

Vanquished Creatures (others)
  A fire giant (Vaults:5)
  2 humans (Lair:5)
  214 fire vortices
217 creatures vanquished.

Grand Total: 2397 creatures vanquished

Notes
Turn   | Place    | Note
-------+----------+-------------------------------------------
     0 | D:1      | EnegeticOcto the Meteoran Earth Elementalist began the
                  | quest for the Orb.
     0 | D:1      | Reached XP level 1. HP: 14/14 MP: 5/5
    46 | D:1      | Reached skill level 3 in Spellcasting
    46 | D:1      | Reached XP level 2. HP: 20/20 MP: 4/7
    65 | D:1      | Reached skill level 4 in Earth Magic
   112 | D:1      | Reached XP level 3. HP: 21/26 MP: 2/8
   128 | D:1      | Found Kubianuthra's Book Shop.
   157 | D:2      | Learned a level 3 spell: Stone Arrow
   179 | D:2      | You fall into a shaft and drop 2 floors!
   189 | D:4      | Reached skill level 1 in Conjurations
   189 | D:4      | Reached XP level 4. HP: 21/33 MP: 4/10
   253 | D:4      | Noticed a phantom
   261 | D:4      | Killed a phantom
   262 | D:4      | Reached skill level 4 in Spellcasting
   262 | D:4      | Reached skill level 3 in Conjurations
   262 | D:4      | Reached skill level 5 in Earth Magic
   262 | D:4      | Reached XP level 5. HP: 26/38 MP: 8/12
   304 | D:4      | Reached XP level 6. HP: 31/45 MP: 6/13
   371 | D:4      | Reached skill level 4 in Conjurations
   392 | D:4      | Found a glowing drain.
   396 | Sewer    | Entered a sewer
   450 | Sewer    | Noticed a crocodile
   454 | Sewer    | Killed a crocodile
   455 | Sewer    | Reached skill level 6 in Earth Magic
   617 | D:3      | Reached XP level 7. HP: 48/50 MP: 14/14
   688 | D:3      | Found Lufoum's Jewellery Shop.
   862 | D:4      | Reached skill level 1 in Fighting
   881 | D:5      | Entered Level 5 of the Dungeon
   894 | D:5      | Reached skill level 7 in Earth Magic
   896 | D:5      | Reached skill level 2 in Fighting
   899 | D:5      | Found a shadowy altar of Dithmenos.
   959 | D:5      | Reached skill level 3 in Fighting
   959 | D:5      | Reached skill level 5 in Spellcasting
   959 | D:5      | Reached XP level 8. HP: 56/63 MP: 9/16
  1008 | D:5      | Reached skill level 4 in Fighting
  1008 | D:5      | Reached skill level 6 in Spellcasting
  1085 | D:5      | Reached skill level 7 in Spellcasting
  1105 | D:5      | Learned a level 5 spell: Lee's Rapid Deconstruction
  1131 | D:6      | Noticed a yak
  1133 | D:6      | Noticed a yak
  1134 | D:6      | Noticed a yak
  1134 | D:6      | Noticed a yak
  1134 | D:6      | Noticed a yak
  1136 | D:6      | Killed a yak
  1137 | D:6      | Gained mutation: You passively map the area around you.
                  | [Meteoran growth]
  1137 | D:6      | Reached XP level 9. HP: 71/71 MP: 14/21
  1143 | D:5      | Reached skill level 8 in Spellcasting
  1205 | D:5      | Reached skill level 8 in Earth Magic
  1251 | D:5      | Found a shimmering blue altar of Sif Muna.
  1260 | D:5      | Found a glowing silver altar of Zin.
  1314 | D:5      | Reached skill level 9 in Spellcasting
  1342 | D:6      | Reached skill level 9 in Earth Magic
  1440 | D:6      | Learned a level 2 spell: Passwall
  1445 | D:6      | Learned a level 4 spell: Brom's Barrelling Boulder
  1452 | D:6      | Learned a level 6 spell: Bombard
  1521 | D:7      | Reached skill level 10 in Spellcasting
  1553 | D:7      | Reached skill level 10 in Earth Magic
  1553 | D:7      | Reached XP level 10. HP: 68/78 MP: 15/25
  1556 | D:7      | Noticed Joseph
  1570 | D:7      | Killed Joseph
  1627 | D:7      | Found a flagged portal.
  1650 | Bailey   | Entered a bailey
  1658 | Bailey   | Reached skill level 11 in Earth Magic
  1724 | D:6      | Found a radiant altar of Vehumet.
  1799 | D:6      | Reached skill level 12 in Earth Magic
  1860 | D:7      | Noticed Menkaure
  1863 | D:7      | Killed Menkaure
  1864 | D:7      | Reached skill level 1 in Shields
  1907 | D:7      | Reached skill level 2 in Shields
  1923 | D:7      | Reached skill level 5 in Fighting
  1939 | D:8      | Reached skill level 3 in Shields
  1954 | D:8      | Reached skill level 3 in Dodging
  2095 | D:8      | Found a basalt altar of Yredelemnul.
  2114 | D:8      | Found a snail-covered altar of Cheibriados.
  2141 | D:8      | Reached skill level 4 in Shields
  2156 | D:8      | Noticed Pikel
  2156 | D:8      | Noticed an orange demon
  2157 | D:8      | Noticed Amaemon
  2158 | D:8      | Reached XP level 11. HP: 89/89 MP: 19/26
  2159 | D:8      | Killed Pikel
  2160 | D:8      | Reached skill level 6 in Fighting
  2160 | D:8      | Reached skill level 4 in Dodging
  2163 | D:8      | Killed Amaemon
  2164 | D:8      | Reached skill level 5 in Dodging
  2164 | D:8      | Reached skill level 5 in Shields
  2184 | D:8      | Reached skill level 7 in Fighting
  2282 | D:9      | Noticed Grum
  2352 | D:9      | Killed Grum
  2368 | D:9      | Reached skill level 6 in Shields
  2382 | D:9      | Reached skill level 6 in Dodging
  2430 | D:9      | Found a staircase to the Lair.
  2442 | D:9      | Reached skill level 8 in Fighting
  2519 | D:9      | Reached skill level 7 in Shields
  2603 | D:9      | Reached skill level 9 in Fighting
  2684 | D:10     | Entered Level 10 of the Dungeon
  2838 | D:10     | Reached XP level 12. HP: 104/104 MP: 23/27
  2886 | D:11     | Noticed a deep troll
  2886 | D:11     | Noticed anet's ghost (journeyman DjHW)
  2886 | D:11     | Noticed a two-headed ogre
  2890 | D:11     | Found a transporter.
  2891 | D:11     | Found a bloodstained altar of Trog.
  2908 | D:11     | Noticed a centaur warrior
  2913 | D:11     | Killed a centaur warrior
  2914 | D:11     | Reached skill level 10 in Fighting
  2925 | D:11     | Reached skill level 1 in Evocations
  3087 | D:11     | Reached skill level 2 in Evocations
  3095 | D:11     | Found a staircase to the Orcish Mines.
  3111 | D:11     | Reached skill level 5 in Conjurations
  3152 | Orc:1    | Entered Level 1 of the Orcish Mines
  3160 | Orc:1    | Reached skill level 3 in Evocations
  3254 | D:12     | Reached skill level 6 in Conjurations
  3254 | D:12     | Reached skill level 4 in Evocations
  3256 | D:12     | Noticed a deep elf pyromancer
  3261 | D:12     | Killed a deep elf pyromancer
  3262 | D:12     | Reached skill level 11 in Spellcasting
  3303 | D:11     | Noticed Harold
  3380 | D:11     | Reached skill level 12 in Spellcasting
  3457 | D:11     | Found a transporter.
  3635 | Orc:2    | Entered Level 2 of the Orcish Mines
  3696 | Orc:2    | Found a staircase to the Elven Halls.
  3707 | Orc:2    | Reached skill level 1 in Armour
  3727 | Orc:2    | Noticed Rupert
  3742 | Orc:2    | Killed Rupert
  3743 | Orc:2    | Reached skill level 2 in Armour
  3743 | Orc:2    | Reached XP level 13. HP: 113/113 MP: 8/30
  3831 | Orc:2    | Reached skill level 3 in Armour
  3864 | Orc:2    | Noticed a two-headed ogre
  3866 | Orc:2    | Noticed an ogre mage
  3868 | Orc:2    | Killed an ogre mage
  3869 | Orc:2    | Reached skill level 13 in Spellcasting
  3872 | Orc:2    | Noticed a two-headed ogre
  3873 | Orc:2    | Killed a two-headed ogre
  3874 | Orc:2    | Reached skill level 4 in Armour
  3874 | Orc:2    | Reached skill level 8 in Shields
  3887 | Orc:2    | Killed a two-headed ogre
  3888 | Orc:2    | Reached skill level 9 in Shields
  3924 | Orc:2    | Noticed a two-headed ogre
  3924 | Orc:2    | Noticed a two-headed ogre
  3933 | Orc:2    | Killed a two-headed ogre
  3935 | Orc:2    | Killed a two-headed ogre
  3936 | Orc:2    | Reached skill level 10 in Shields
  3943 | Orc:2    | Noticed a two-headed ogre
  3944 | Orc:2    | Noticed an ogre mage
  3955 | Orc:2    | Killed a two-headed ogre
  4007 | Orc:2    | Killed an ogre mage
  4015 | Orc:2    | Noticed an ogre mage
  4019 | Orc:2    | Killed an ogre mage
  4022 | Orc:2    | Reached skill level 14 in Spellcasting
  4034 | Orc:2    | Noticed a two-headed ogre
  4037 | Orc:2    | Noticed a two-headed ogre
  4038 | Orc:2    | Killed a two-headed ogre
  4040 | Orc:2    | Killed a two-headed ogre
  4041 | Orc:2    | Noticed a two-headed ogre
  4041 | Orc:2    | Noticed a two-headed ogre
  4046 | Orc:2    | Killed a two-headed ogre
  4054 | Orc:2    | Killed a two-headed ogre
  4055 | Orc:2    | Reached skill level 15 in Spellcasting
  4136 | Orc:2    | Noticed a two-headed ogre
  4140 | Orc:2    | Killed a two-headed ogre
  4151 | Orc:2    | Noticed a two-headed ogre
  4162 | Orc:2    | Killed a two-headed ogre
  4163 | Orc:2    | Reached XP level 14. HP: 71/121 MP: 9/34
  4177 | Orc:2    | Found Haiqoeb's Jewellery Shop.
  4177 | Orc:2    | Found Dorumiv's Magic Scroll Emporium.
  4178 | Orc:2    | Found Muecolef's Antique Weapon Emporium.
  4178 | Orc:2    | Found Minkeaf's Antique Weapon Boutique.
  4192 | Orc:2    | Bought a scroll of teleportation for 39 gold pieces
  4192 | Orc:2    | Bought a scroll of enchant armour for 97 gold pieces
  4192 | Orc:2    | Bought a scroll of identify for 26 gold pieces
  4192 | Orc:2    | Bought a scroll of fear for 52 gold pieces
  4192 | Orc:2    | Bought a scroll of blinking for 97 gold pieces
  4192 | Orc:2    | Bought a scroll of fear for 52 gold pieces
  4192 | Orc:2    | Bought a scroll of identify for 26 gold pieces
  4192 | Orc:2    | Bought a scroll of immolation for 52 gold pieces
  4196 | Orc:2    | Bought an encrusted broad axe for 270 gold pieces
  4196 | Orc:2    | Identified the +6 broad axe of Precise Incision {flame,
                  | rF++ rN+++ Str-2 Dex-4} (You bought it in a shop on level 2
                  | of the Orcish Mines)
  4496 | Lair:1   | Entered Level 1 of the Lair of Beasts
  4564 | Lair:1   | Found a runed translucent gate.
  4564 | Lair:1   | Found a runed translucent gate.
  4564 | Lair:1   | Found a runed translucent gate.
  4565 | Lair:1   | Noticed Goejex's ghost (novice DEFE)
  4796 | Lair:2   | Found a gate leading to a gauntlet.
  4805 | Gauntlet | Entered a Gauntlet
  4805 | Gauntlet | Found a transporter.
  4806 | Gauntlet | Found a large runed translucent door.
  4807 | Gauntlet | Found a large runed translucent door.
  4808 | Gauntlet | Found a large runed translucent door.
  4808 | Gauntlet | Found a large runed translucent door.
  4808 | Gauntlet | Found a runed translucent door.
  4809 | Gauntlet | Found a large runed translucent door.
  4810 | Gauntlet | Found a large runed translucent door.
  4811 | Gauntlet | Found a large runed translucent door.
  4811 | Gauntlet | Found a large runed translucent door.
  4811 | Gauntlet | Found a runed translucent door.
  4812 | Gauntlet | Found a runed translucent gate.
  4812 | Gauntlet | Found a runed translucent gate.
  4812 | Gauntlet | Found a runed translucent gate.
  4814 | Gauntlet | Found a transporter.
  4823 | Gauntlet | Found a large runed translucent door.
  4823 | Gauntlet | Found a large runed translucent door.
  4824 | Gauntlet | Found a large runed translucent door.
  4825 | Gauntlet | Found a large runed translucent door.
  4829 | Gauntlet | Found a transporter.
  4864 | Gauntlet | Found a transporter.
  4872 | Gauntlet | Found a large runed translucent door.
  4873 | Gauntlet | Found a large runed translucent door.
  4874 | Gauntlet | Found a transporter.
  4875 | Gauntlet | Found a transporter.
  4884 | Gauntlet | Found a large runed translucent door.
  4884 | Gauntlet | Found a large runed translucent door.
  4884 | Gauntlet | Found a transporter.
  4970 | Gauntlet | Found a transporter.
  5003 | Gauntlet | Found a transporter.
  5011 | Gauntlet | Identified the ring "Qoutz" {^Contam rPois rC+++ Str+6
                  | Dex+3}
  5015 | Gauntlet | Reached skill level 16 in Spellcasting
  5018 | Gauntlet | Reached skill level 7 in Conjurations
  5029 | Gauntlet | Noticed a minotaur
  5029 | Gauntlet | Found a transporter.
  5035 | Gauntlet | Killed a minotaur
  5048 | Gauntlet | Identified the ring of Yskary {Fly rElec AC+4 Int+2}
  5048 | Gauntlet | Identified the +7 plate armour of the Antique God {rElec
                  | rC+ rN+}
  5260 | Lair:5   | Entered Level 5 of the Lair of Beasts
  5324 | Lair:5   | Reached skill level 11 in Shields
  5348 | Lair:5   | Reached skill level 8 in Conjurations
  5348 | Lair:5   | Reached skill level 13 in Earth Magic
  5394 | Lair:5   | Noticed Kirke
  5397 | Lair:5   | Killed Kirke
  5398 | Lair:5   | Reached XP level 15. HP: 68/126 MP: 30/36
  5447 | Lair:5   | Learned a level 5 spell: Irradiate
  5609 | Lair:4   | Reached skill level 2 in Transmutations
  5774 | Lair:3   | Found a staircase to the Shoals.
  5779 | Lair:3   | Reached skill level 17 in Spellcasting
  5779 | Lair:3   | Reached skill level 3 in Transmutations
  5790 | Lair:3   | Noticed Urug
  5805 | Lair:3   | Killed Urug
  5996 | Lair:3   | Found a staircase to the Snake Pit.
  6010 | Snake:1  | Entered Level 1 of the Snake Pit
  6089 | Snake:1  | Reached skill level 12 in Shields
  6160 | Snake:1  | Reached skill level 4 in Transmutations
  6201 | Snake:2  | Reached skill level 14 in Earth Magic
  6364 | Snake:2  | Reached skill level 5 in Transmutations
  6460 | Snake:2  | Reached skill level 9 in Conjurations
  6466 | Snake:2  | Reached XP level 16. HP: 131/136 MP: 15/38
  6513 | Snake:3  | Noticed Asterion
  6517 | Snake:3  | Reached skill level 6 in Transmutations
  6644 | Snake:1  | Reached skill level 11 in Fighting
  6805 | Snake:4  | Entered Level 4 of the Snake Pit
  6826 | Snake:4  | Noticed Agnes
  6832 | Snake:4  | Killed Agnes
  6894 | Snake:4  | Noticed a nagaraja
  6914 | Snake:4  | Killed a nagaraja
  6915 | Snake:4  | Reached skill level 7 in Transmutations
  6917 | Snake:4  | Reached skill level 18 in Spellcasting
  6927 | Snake:4  | Reached skill level 15 in Earth Magic
  6952 | Snake:3  | Found a shimmering altar of Xom.
  6966 | Snake:4  | Reached skill level 10 in Conjurations
  6967 | Snake:4  | Noticed a nagaraja
  6973 | Snake:4  | Killed a nagaraja
  7011 | Snake:4  | Reached skill level 8 in Transmutations
  7033 | Snake:4  | Reached skill level 12 in Fighting
  7115 | Snake:4  | Noticed a nagaraja
  7129 | Snake:4  | Killed a nagaraja
  7161 | Snake:4  | Reached skill level 13 in Fighting
  7162 | Snake:4  | Noticed a nagaraja
  7179 | Snake:4  | Killed a nagaraja
  7180 | Snake:4  | Reached XP level 17. HP: 115/150 MP: 12/40
  7254 | Snake:4  | Noticed a nagaraja
  7263 | Snake:4  | Killed a nagaraja
  7331 | Snake:4  | Reached skill level 14 in Fighting
  7354 | Snake:4  | Noticed a nagaraja
  7408 | Snake:4  | Killed a nagaraja
  7563 | Snake:4  | Noticed a nagaraja
  7565 | Snake:4  | Killed a nagaraja
  7566 | Snake:4  | Reached skill level 15 in Fighting
  7607 | Snake:4  | Noticed a nagaraja
  7623 | Snake:4  | Killed a nagaraja
  7655 | Snake:4  | Noticed a nagaraja
  7657 | Snake:4  | Killed a nagaraja
  7732 | Snake:4  | Noticed a nagaraja
  7735 | Snake:4  | Killed a nagaraja
  7759 | Snake:4  | Reached skill level 7 in Dodging
  7920 | Snake:4  | Noticed a nagaraja
  7934 | Snake:4  | Killed a nagaraja
  7939 | Snake:4  | Noticed a nagaraja
  7944 | Snake:4  | Reached skill level 8 in Dodging
  8014 | Snake:4  | Killed a nagaraja
  8045 | Snake:4  | Noticed a nagaraja
  8051 | Snake:4  | Killed a nagaraja
  8060 | Snake:4  | Got a serpentine rune of Zot
  8247 | Snake:2  | Glimpsed the power of Zot.
  8341 | Shoals:1 | Entered Level 1 of the Shoals
  8356 | Shoals:1 | Reached skill level 19 in Spellcasting
  8397 | Shoals:1 | Gained mutation: You passively map a large area around you.
                  | [Meteoran growth]
  8397 | Shoals:1 | Reached XP level 18. HP: 163/163 MP: 40/42
  8417 | Shoals:1 | Learned a level 5 spell: Borgnjor's Vile Clutch
  8424 | Shoals:1 | Learned a level 6 spell: Death Channel
  8480 | Shoals:1 | Reached skill level 9 in Dodging
  8486 | Shoals:1 | Found Girir's Weapon Emporium.
  8530 | Shoals:2 | Reached skill level 1 in Necromancy
  8572 | Shoals:1 | Noticed Roxanne
  8581 | Shoals:1 | Killed Roxanne
  8609 | Shoals:1 | Reached skill level 2 in Necromancy
  8834 | Shoals:3 | Reached skill level 3 in Necromancy
  8899 | Shoals:4 | Entered Level 4 of the Shoals
  9035 | Shoals:4 | Reached skill level 11 in Conjurations
  9035 | Shoals:4 | Reached skill level 4 in Necromancy
  9081 | Shoals:4 | Reached skill level 10 in Dodging
  9136 | Shoals:4 | Got a barnacled rune of Zot
  9212 | Shoals:4 | Reached skill level 5 in Necromancy
  9234 | Shoals:4 | Found the -2 hat of the Alchemist {rElec rPois rF+ rC+ rN+
                  | Will+ rMut rCorr}
  9297 | Shoals:4 | Learned a level 8 spell: Ignition
  9338 | Shoals:4 | Reached skill level 1 in Fire Magic
  9363 | Shoals:4 | Reached skill level 2 in Fire Magic
  9396 | Shoals:4 | Reached skill level 20 in Spellcasting
  9403 | Shoals:4 | Noticed Donald
  9409 | Shoals:4 | Killed Donald
  9410 | Shoals:4 | Reached skill level 3 in Fire Magic
  9471 | Shoals:4 | Noticed Louise
  9528 | Abyss:2  | Cast into level 2 of the Abyss (Louise)
  9558 | Abyss:2  | Found a corrupted altar of Lugonu.
  9567 | Abyss:2  | Became a worshipper of Lugonu the Unformed
  9567 | Abyss:2  | Reached * piety under Lugonu
  9567 | Abyss:2  | Reached ** piety under Lugonu
  9568 | Shoals:4 | Escaped the Abyss
  9626 | Shoals:4 | Killed Louise
  9627 | Shoals:4 | Reached skill level 4 in Fire Magic
  9627 | Shoals:4 | Reached skill level 1 in Invocations
  9751 | Shoals:4 | Reached skill level 2 in Invocations
  9765 | Shoals:3 | Reached XP level 19. HP: 142/170 MP: 37/44
  9778 | Shoals:3 | Reached skill level 3 in Invocations
  9808 | Shoals:3 | Reached skill level 5 in Fire Magic
  9853 | Shoals:3 | Reached skill level 4 in Invocations
 10023 | Shoals:2 | Reached skill level 6 in Fire Magic
 10023 | Shoals:2 | Reached skill level 5 in Invocations
 10059 | Shoals:2 | Reached skill level 6 in Invocations
 10080 | Shoals:2 | Reached skill level 7 in Fire Magic
 10103 | Shoals:2 | Reached *** piety under Lugonu
 10534 | Lair:4   | Reached skill level 7 in Invocations
 10652 | Lair:5   | Reached skill level 8 in Fire Magic
 10722 | Lair:5   | Reached skill level 8 in Invocations
 10724 | Lair:5   | Reached **** piety under Lugonu
 10919 | Lair:5   | Reached skill level 9 in Fire Magic
 10925 | Lair:5   | Found a viscous altar of Jiyva.
 10926 | Lair:5   | Found a staircase to the Slime Pits.
 11117 | Lair:2   | Reached skill level 9 in Invocations
 11433 | Elf:1    | Entered Level 1 of the Elven Halls
 11530 | Elf:1    | Reached skill level 10 in Fire Magic
 11530 | Elf:1    | Reached skill level 10 in Invocations
 11571 | Elf:1    | Reached XP level 20. HP: 45/178 MP: 2/45
 11582 | Elf:1    | Found Rasunwai's General Store.
 11590 | Elf:1    | Bought a scroll of teleportation for 36 gold pieces
 11590 | Elf:1    | Bought a scroll of fog for 48 gold pieces
 11590 | Elf:1    | Bought a wand of paralysis (6) for 172 gold pieces
 11690 | Elf:1    | Reached ***** piety under Lugonu
 11698 | Elf:1    | Found Xecsylao's Weapon Emporium.
 11704 | Elf:1    | Found Yngeheoc's Antique Armour Shoppe.
 11774 | Elf:1    | Reached skill level 11 in Invocations
 11810 | Elf:1    | Reached skill level 11 in Fire Magic
 12030 | Elf:2    | Found a frozen archway.
 12033 | Elf:2    | Identified the serpent talisman "Exki" {Fly rF+ Slay-2}
 12033 | Elf:2    | Noticed Aizul
 12038 | Elf:2    | Killed Aizul
 12086 | Elf:3    | Entered Level 3 of the Elven Halls
 12196 | Elf:3    | Reached skill level 12 in Invocations
 12199 | Elf:3    | Reached skill level 12 in Fire Magic
 12216 | Elf:3    | Reached skill level 13 in Fire Magic
 12250 | Elf:3    | Identified the ring "Pihusmig" {rC+ EV+5}
 12267 | Elf:3    | Reached skill level 14 in Fire Magic
 12316 | Elf:3    | Identified the staff "Worm" {^Fragile rN+ rCorr Dex+6
                  | Necro}
 12319 | Elf:3    | Reached skill level 15 in Fire Magic
 12336 | Elf:3    | Identified the +5 orcbow of Saiceu Kira {antimagic, rF+}
 12361 | Elf:3    | Reached XP level 21. HP: 184/184 MP: 8/46
 12370 | Elf:3    | Identified the amulet "Pest" {rN++ Regen+ rCorr Str+3}
 12451 | Elf:3    | Identified the +0 helmet of Moral Flaws {rN+ Will+ Str+3}
 12670 | Elf:2    | Found Ciseetib's Book Shoppe.
 12672 | Elf:2    | Found Cautel's Jewellery Shop.
 12673 | Elf:2    | Found Awiyll's Book Shoppe.
 12685 | Elf:2    | Bought a book of Annihilations for 840 gold pieces
 12689 | Elf:2    | Bought the Parchment of the Hippogriff for 504 gold pieces
 12692 | Elf:2    | Learned a level 2 spell: Blink
 12894 | D:12     | Found an opulent altar of Gozag.
 12912 | D:12     | Reached skill level 16 in Fire Magic
 13199 | D:15     | Entered Level 15 of the Dungeon
 13279 | D:15     | Reached skill level 17 in Fire Magic
 13314 | D:15     | Reached ****** piety under Lugonu
 13343 | D:15     | Found a staircase to the Depths.
 13646 | D:14     | Found a gate to the Vaults.
 13669 | Vaults:1 | Entered Level 1 of the Vaults
 13744 | Vaults:1 | Reached skill level 18 in Fire Magic
 13752 | Vaults:1 | Found Foohacohamn's Weapon Boutique.
 13757 | Vaults:1 | Identified the +11 scimitar "Raoc" {drain, Will+ Stlth+}
 13984 | Vaults:2 | Reached skill level 19 in Fire Magic
 14006 | Vaults:2 | Reached XP level 22. HP: 155/192 MP: 18/47
 14006 | Vaults:2 | Found Tymoak's Armour Shop.
 14017 | Vaults:2 | Bought the +3 pair of mountain boots {steadfast, rC+} for
                  | 536 gold pieces
 14017 | Vaults:2 | Found the +3 pair of mountain boots {steadfast, rC+}
 14067 | Vaults:3 | Reached skill level 20 in Fire Magic
 14100 | Vaults:3 | Found Gebrey's General Store.
 14151 | Vaults:5 | Entered Level 5 of the Vaults
 14197 | Vaults:5 | Reached skill level 12 in Conjurations
 14259 | Vaults:5 | Noticed a golden dragon
 14264 | Vaults:5 | Noticed a golden dragon
 14277 | Vaults:5 | Killed a golden dragon
 14278 | Vaults:5 | Killed a golden dragon
 14330 | Vaults:5 | Identified the staff of Sloth {^Contam rPois Str+6 Dex+2
                  | Conj}
 14390 | Vaults:5 | Identified the +2 robe of Restlessness {Harm Will+ Slay+3}
 14465 | Vaults:5 | Identified the amulet of Juc Pasuvydy {rF+ Regen+ Stlth+}
 14484 | Vaults:5 | Reached skill level 13 in Conjurations
 14573 | Vaults:5 | Noticed a golden dragon
 14583 | Vaults:5 | Killed a golden dragon
 14605 | Vaults:5 | Identified the +11 shadow dragon scales of the Silversmith
                  | {Int+2 Stlth++++}
 14694 | Vaults:5 | Reached skill level 21 in Spellcasting
 14698 | Vaults:5 | Reached skill level 21 in Fire Magic
 14744 | Vaults:5 | Reached XP level 23. HP: 184/198 MP: 20/49
 14790 | Vaults:5 | Identified the staff of Fortitude {rPois rC- Str-2 Int+2
                  | Dex+5 Poison}
 14922 | Vaults:5 | Noticed an ancient lich
 14940 | Vaults:5 | Killed an ancient lich
 14941 | Vaults:5 | Reached skill level 14 in Conjurations
 15084 | Vaults:5 | Got a silver rune of Zot
 15201 | Vaults:5 | Noticed a dread lich
 15209 | Vaults:5 | Killed a dread lich
 15215 | Vaults:5 | Identified the +2 pair of gloves of Midwinter {rF+}
 15252 | Vaults:5 | Got the Quarto of the Supportive Graveyard
 15256 | Vaults:5 | Learned a level 2 spell: Sublimation of Blood
 15299 | Vaults:5 | Reached skill level 15 in Conjurations
 15333 | Vaults:4 | Found Noxen's Weapon Shoppe.
 15335 | Vaults:4 | Reached skill level 22 in Spellcasting
 15356 | Vaults:4 | Reached skill level 22 in Fire Magic
 15371 | Vaults:4 | Found a transporter.
 15375 | Vaults:4 | Found Jynageivo's Book Shoppe.
 15377 | Vaults:4 | Found a transporter.
 15430 | Vaults:4 | Found Lofepn's Antique Weapon Boutique.
 15437 | Vaults:4 | Found Qerr's Distillery.
 15448 | Vaults:4 | Bought a potion of mutation for 128 gold pieces
 15448 | Vaults:4 | Bought a potion of resistance for 160 gold pieces
 15448 | Vaults:4 | Bought a potion of resistance for 160 gold pieces
 15448 | Vaults:4 | Bought a potion of cancellation for 128 gold pieces
 15448 | Vaults:4 | Bought a potion of heal wounds for 80 gold pieces
 15448 | Vaults:4 | Bought a potion of heal wounds for 80 gold pieces
 15535 | Vaults:4 | Reached skill level 16 in Conjurations
 15619 | Vaults:3 | Learned a level 9 spell: Fire Storm
 15697 | Vaults:4 | Reached XP level 24. HP: 184/206 MP: 15/50
 15699 | Vaults:4 | Reached skill level 17 in Conjurations
 15703 | Vaults:4 | Found Taecze Geis's Jewellery Emporium.
 15825 | Vaults:3 | Reached skill level 18 in Conjurations
 15882 | Vaults:3 | Found a staircase to the Crypt.
 15886 | Vaults:3 | Reached skill level 19 in Conjurations
 15892 | Crypt:1  | Entered Level 1 of the Crypt
 15968 | Crypt:1  | Reached skill level 20 in Conjurations
 16098 | Crypt:3  | Entered Level 3 of the Crypt
 16155 | Crypt:3  | Reached skill level 21 in Conjurations
 16157 | Crypt:3  | Found a basalt altar of Yredelemnul.
 16167 | Crypt:3  | Gained mutation: Your magical capacity is low. (-10% MP)
                  | [mutagenic glow]
 16288 | Crypt:3  | Reached skill level 22 in Conjurations
 16382 | Crypt:3  | Noticed a dread lich
 16394 | Crypt:3  | Killed a dread lich
 16400 | Crypt:3  | Found a staircase to the Tomb.
 16467 | Crypt:3  | Reached XP level 25. HP: 201/213 MP: 45/45
 16562 | Crypt:3  | Identified the ring of New Discoveries {rN+ Int+3 Dex+3}
 16562 | Crypt:3  | Identified the ring "Sifyt" {rN+ MP+9 Dex+5}
 16639 | Crypt:3  | Reached skill level 23 in Conjurations
 17132 | Vaults:2 | Reached skill level 11 in Dodging
 17258 | D:14     | Identified a scroll of acquirement
 17271 | D:14     | Acquired 940 gold pieces
 17480 | D:11     | Killed anet's ghost
 17727 | Slime:1  | Entered Level 1 of the Pits of Slime
 17821 | Slime:5  | Entered Level 5 of the Pits of Slime
 17882 | Slime:5  | Noticed the Royal Jelly
 17896 | Slime:5  | Killed the Royal Jelly
 17897 | Slime:5  | Reached skill level 12 in Dodging
 17976 | Slime:5  | Reached skill level 24 in Conjurations
 18056 | Slime:5  | Reached skill level 13 in Dodging
 18122 | Slime:5  | Got the Discourse on Exothermic Places
 18169 | Slime:5  | Identified the ring "Raff" {Str+6 Dex+2}
 18212 | Slime:5  | Identified the +2 ring mail of Insurance {rPois Str+3}
 18244 | Slime:5  | Got a slimy rune of Zot
 18260 | Slime:5  | Identified the ring "Vuesain" {Fire *Slow Str-5 Int+3 SInv}
 18527 | D:13     | Noticed Frances
 18531 | D:13     | Killed Frances
 18570 | D:13     | You fall into a shaft and drop 1 floor!
 18631 | Depths:1 | Entered Level 1 of the Depths
 18647 | Depths:1 | Reached XP level 26. HP: 165/221 MP: 20/45
 18731 | Depths:1 | Identified the +1 pair of boots "Urue" {Fly}
 18738 | Depths:1 | Identified the +1 robe of Pleasant Breezes {Dex+3}
 18811 | Depths:2 | Reached skill level 14 in Dodging
 19073 | Depths:2 | Reached skill level 23 in Fire Magic
 19134 | Depths:2 | Identified the ring "Lioqih" {rF+ Will+ Stlth+}
 19200 | Depths:2 | Found a one-way gate leading to the halls of Pandemonium.
 19321 | Depths:2 | Reached skill level 25 in Conjurations
 19424 | Depths:3 | Found a runed translucent gate.
 19424 | Depths:3 | Found a runed translucent gate.
 19427 | Depths:3 | Found a runed translucent gate.
 19429 | Depths:3 | Noticed Wiewnimod's ghost (veteran GrEE)
 19444 | Depths:3 | Killed Wiewnimod's ghost
 19460 | Depths:3 | Identified the +1 pair of gloves "Put-Me-On" {Int+2}
 19670 | Depths:2 | Reached XP level 27. HP: 227/227 MP: 41/45
 19714 | Depths:4 | Entered Level 4 of the Depths
 19718 | Depths:4 | Reached skill level 24 in Fire Magic
 19789 | Depths:4 | Found a one-way gateway to a ziggurat.
 19804 | Zig:1    | Entered Level 1 of a ziggurat
 19821 | Zig:2    | Entered Level 2 of a ziggurat
 19845 | Zig:3    | Entered Level 3 of a ziggurat
 19859 | Zig:3    | Identified the amulet "Mesiapt" {Spirit rPois Int+3}
 19865 | Zig:4    | Entered Level 4 of a ziggurat
 19870 | Zig:4    | Reached skill level 13 in Invocations
 19879 | Zig:4    | Reached skill level 23 in Spellcasting
 19887 | Zig:5    | Entered Level 5 of a ziggurat
 19924 | Zig:5    | Identified the amulet "Majost" {RegenMP rPois rF- Str+8}
 19927 | Zig:6    | Entered Level 6 of a ziggurat
 19933 | Zig:6    | Noticed an ancient lich
 19936 | Zig:6    | Killed an ancient lich
 19941 | Zig:6    | Reached skill level 26 in Conjurations
 19957 | Zig:6    | Identified the +4 leather armour of the Realm of Zot
                  | {Int+3}
 19999 | Zig:7    | Entered Level 7 of a ziggurat
 20020 | Zig:7    | Identified the +9 demon trident "Plojy" {venom, ^Fragile
                  | rElec Dex+2 Stlth+}
 20031 | Zig:8    | Entered Level 8 of a ziggurat
 20041 | Zig:8    | Reached skill level 16 in Fighting
 20055 | Zig:8    | Identified the +0 leather armour of the Vestibule of Hell
                  | {Dex+2}
 20063 | Zig:8    | Got the Quarto of Snow and the Shapeshifter
 20071 | Zig:9    | Entered Level 9 of a ziggurat
 20078 | Zig:9    | Noticed a Killer Klown
 20079 | Zig:9    | Noticed Jifro the pandemonium lord
 20079 | Zig:9    | Noticed a Killer Klown
 20079 | Zig:9    | Noticed a Killer Klown
 20080 | Zig:9    | Killed a Killer Klown
 20081 | Zig:9    | Killed a Killer Klown
 20082 | Zig:9    | Killed Jifro the pandemonium lord
 20083 | Zig:9    | Reached skill level 14 in Invocations
 20083 | Zig:9    | Noticed a Killer Klown
 20083 | Zig:9    | Killed a Killer Klown
 20084 | Zig:9    | Reached skill level 5 in Armour
 20085 | Zig:9    | Killed a Killer Klown
 20106 | Zig:9    | Identified the +0 robe of Hubris {Rampage}
 20111 | Zig:9    | Identified the ring "Tyonoh" {Fire rCorr Dex+4 SInv Stlth-}
 20119 | Zig:9    | Acquired EnegeticOcto's Anthology of Spooky Deeds and the
                  | Serac
 20121 | Zig:9    | Acquired a book of Storms
 20124 | Zig:10   | Entered Level 10 of a ziggurat
 20137 | Zig:10   | Reached skill level 6 in Armour
 20145 | Zig:10   | Reached skill level 24 in Spellcasting
 20154 | Zig:10   | Identified the +1 battleaxe of Resourcefulness {antimagic,
                  | rN++ Str+6 Dex-3}
 20157 | Zig:10   | Identified the +0 leather armour "Mizep" {^Drain +Blink
                  | rCorr}
 20161 | Zig:10   | Identified the +0 arbalest "Wuofuli" {heavy, Will+ Dex+3}
 20166 | Zig:11   | Entered Level 11 of a ziggurat
 20199 | Zig:11   | Identified the +4 glaive of Usylarphal {flame, Str+3 Int+2}
 20200 | Zig:11   | Identified the amulet of Ufaonkiobe {Spirit Dex+4 SInv}
 20203 | Zig:11   | Got Nawaz's Omnibus of Brilliant Burning
 20215 | Zig:12   | Entered Level 12 of a ziggurat
 20226 | Zig:12   | Reached skill level 7 in Armour
 20243 | Zig:12   | Identified the +0 pair of gloves of Tartarus {Dex+5}
 20260 | Zig:12   | Identified the ring "Niewn" {rCorr Int+4}
 20267 | Zig:12   | Identified the +3 ring mail of Moitt {rElec Slay-5 Stlth+}
 20276 | Zig:12   | Learned a level 5 spell: Yara's Violent Unravelling
 20283 | Zig:12   | Learned a level 6 spell: Plasma Beam
 20284 | Zig:13   | Entered Level 13 of a ziggurat
 20293 | Zig:13   | Noticed a caustic shrike
 20298 | Zig:13   | Killed a caustic shrike
 20308 | Zig:13   | Reached skill level 8 in Armour
 20309 | Zig:13   | Reached skill level 15 in Invocations
 20333 | Zig:13   | Escaped the Abyss
 20339 | Zig:14   | Entered Level 14 of a ziggurat
 20352 | Zig:14   | Reached skill level 9 in Armour
 20354 | Zig:14   | Found the +8 orange crystal plate armour {Archmagi, Int+3
                  | Clar}
 20367 | Zig:14   | Identified the +0 plate armour of Agnosticism {rElec Dex+8
                  | Slay-4 SInv}
 20389 | Zig:14   | Identified the +9 sling "Acho" {drain, Will+ Int+4}
 20405 | Zig:15   | Entered Level 15 of a ziggurat
 20415 | Zig:15   | Noticed a caustic shrike
 20521 | Abyss:2  | Reached skill level 10 in Armour
 20633 | Abyss:2  | Reached skill level 16 in Invocations
 20759 | Zig:15   | Escaped the Abyss
 20762 | Zig:15   | Killed a caustic shrike
 20763 | Zig:15   | Reached skill level 17 in Invocations
 20847 | Depths:4 | Found a corrupted altar of Lugonu.
 20847 | Depths:4 | Found a one-way gate to the infinite horrors of the Abyss.
 20977 | Depths:3 | Reached skill level 18 in Invocations
 20977 | Depths:3 | Noticed a caustic shrike
 20980 | Depths:3 | Killed a caustic shrike
 20985 | Depths:3 | Noticed a juggernaut
 20994 | Depths:3 | Killed a juggernaut
 20995 | Depths:3 | Reached skill level 19 in Invocations
 21034 | Depths:3 | Found Barosiex's Weapon Shop.
 21140 | Depths:3 | Noticed a juggernaut
 21143 | Depths:3 | Killed a juggernaut
 21144 | Depths:3 | Reached skill level 20 in Invocations
 21149 | Depths:3 | Identified the staff of the Apocalypse {rPois rF+ MP+9
                  | Dex-2 Conj Fire}
 21269 | Depths:4 | Found a gate to the Realm of Zot.
 21292 | Depths:4 | Reached skill level 21 in Invocations
 21302 | Depths:4 | Identified the +1 scale mail "Muthruso" {^Contam Int-4
                  | Dex+7 SInv}
 21311 | Zot:1    | Entered Level 1 of the Realm of Zot
 21428 | Zot:1    | Noticed a Killer Klown
 21428 | Zot:1    | Noticed an orb of fire
 21430 | Zot:1    | Reached skill level 22 in Invocations
 21430 | Zot:1    | Killed a Killer Klown
 21434 | Zot:1    | Killed an orb of fire
 21436 | Zot:1    | Reached skill level 23 in Invocations
 21504 | Zot:2    | Reached skill level 24 in Invocations
 21548 | Zot:1    | Noticed an orb of fire
 21648 | Zot:3    | Noticed an orb of fire
 21654 | Zot:3    | Killed an orb of fire
 21721 | Zot:4    | Noticed Parghit
 21724 | Zot:4    | Killed Parghit
 21750 | Zot:4    | Noticed a curse toe
 21756 | Zot:4    | Killed a curse toe
 21757 | Zot:4    | Reached skill level 25 in Invocations
 21820 | Zot:5    | Entered Level 5 of the Realm of Zot
 22025 | Zot:5    | Reached skill level 26 in Invocations
 22050 | Zot:5    | Noticed an orb of fire
 22052 | Zot:5    | Noticed an orb of fire
 22052 | Zot:5    | Noticed an orb of fire
 22057 | Zot:5    | Killed an orb of fire
 22058 | Zot:5    | Killed an orb of fire
 22058 | Zot:5    | Killed an orb of fire
 22070 | Zot:5    | Noticed an orb of fire
 22073 | Zot:5    | Killed an orb of fire
 22076 | Zot:5    | Noticed an orb of fire
 22077 | Zot:5    | Killed a Killer Klown
 22078 | Zot:5    | Reached skill level 27 in Invocations
 22078 | Zot:5    | Reached skill level 17 in Fighting
 22078 | Zot:5    | Killed an orb of fire
 22081 | Zot:5    | Reached skill level 27 in Conjurations
 22105 | Zot:5    | Noticed an orb of fire
 22110 | Zot:5    | Killed an orb of fire
 22125 | Zot:5    | Reached skill level 25 in Spellcasting
 22132 | Zot:5    | Noticed a Killer Klown
 22132 | Zot:5    | Noticed an orb of fire
 22138 | Zot:5    | Killed an orb of fire
 22141 | Zot:5    | Noticed an orb of fire
 22144 | Zot:5    | Killed a Killer Klown
 22145 | Zot:5    | Noticed an orb of fire
 22148 | Zot:5    | Killed an orb of fire
 22148 | Zot:5    | Killed an orb of fire
 22155 | Zot:5    | Noticed an orb of fire
 22156 | Zot:5    | Noticed a dread lich
 22158 | Zot:5    | Killed a dread lich
 22159 | Zot:5    | Reached skill level 18 in Fighting
 22159 | Zot:5    | Killed an orb of fire
 22180 | Zot:5    | Got the Orb of Zot
 22913 | D:1      | Noticed Wiho the pandemonium lord
 22914 | D:1      | Killed Wiho the pandemonium lord
 22929 | D:$      | Escaped with the Orb!

Illustrated notes

Levels and vault maps discovered:
D:1:      psy_arrival_fountain, layout_rooms, serial_shops,
          nicolae_book_shop_shelving, chequers_serial_rivers_micro_a
D:2:      layout_loops_cross, basic_altar
D:3:      minmay_wonky_spiral, layout_loops_ring, mainiacjoe_overflow_alcove_4,
          serial_shops, shop, roderic_roman_lattice
D:4:      layout_layer_cave, nzn_hepliaklqana_mist_gate,
          mainiacjoe_sewer_entry_somewhere_in_here_2, minivault_27,
          kennysheep_nondescript
D:5:      layout_cave_pods, grunt_dithmenos_smoke,
          mainiacjoe_overflow_large_starburst,
          serial_library_hellmonk_open_square,
          minmay_a_box_with_orc_wizards_in_it
D:6:      layout_basic, mainiacjoe_overflow_surrounded_room,
          nicolae_ru_awakened_eye, nemelex_diamond_rough_becter,
          minmay_temple_entry_offerings
D:7:      layout_basic, mainiacjoe_overflow_boulevard, enter_bailey_3,
          kennysheep_flooded_box, minmay_misc_feat_tiny, uniq_menkaure,
          uniq_joseph
D:8:      layout_cave_pools, mainiacjoe_overflow_cross_hatched,
          mainiacjoe_overflow_chevrons, uniq_pikel, uniq_amaemon
D:9:      layout_roguey, hellmonk_lair_entry_icy, uniq_grum
D:10:     layout_irregular_city
D:11:     layout_basic, david_orc_3, gammafunk_ghost_wrathful_warriors,
          uniq_harold
D:12:     layout_rooms, hangedman_weighted_door,
          nicolae_gozag_cash_rules_everything_around_me
D:13:     layout_roguey, uniq_frances
D:14:     layout_small_grid, erik_vaults_1, kennysheep_cross_room
D:15:     hangedman_depths_entry_civil_slaughter, layout_basic,
          minmay_hedge_maze
Lair:1:   layout_chaotic_city, gammafunk_ghost_necromancy
Lair:2:   layout_cave_pods, gauntlet_entry_generic, kennysheep_rathole
Lair:3:   layout_chaotic_city, minmay_shoals_entry_hut,
          minmay_snake_entry_guardpost_large, nicolae_lair_lil_pond, uniq_urug
Lair:4:   layout_regular_city, nzn_random_ring
Lair:5:   due_jungle_book, layout_misc_corridors, slime_entry_2,
          lemuel_fruit_fields, lemuel_fruit_tree, uniq_snorg, uniq_kirke
Shoals:1: layout_shoals, serial_shops, nicolae_shop_rolling_square, uniq_roxanne
Shoals:2: layout_shoals, nicolae_shoals_this_corrosion, uniq_polyphemus
Shoals:3: layout_shoals
Shoals:4: shoals_end_hangedman, layout_shoals, nicolae_shoals_cliffside_cave,
          nicolae_shoals_lost_giant_baths, uniq_louise, uniq_donald
Snake:1:  layout_gridlike, uniq_jorgrun
Snake:2:  layout_gridlike, hangedman_snake_corridor_split
Snake:3:  layout_grid_maze, serial_shops, nicolae_diamond_shop, basic_altar,
          st_stairs_5, nicolae_triple_integral, uniq_vashnia, uniq_asterion
Snake:4:  grunt_snake_rune_spirals, layout_onion_interference,
          serial_bayou_shore_a, uniq_agnes
Slime:1:  layout_caves
Slime:2:  layout_caves
Slime:3:  nicolae_slime_pool, layout_caves
Slime:4:  layout_caves, cheibrodos_slime_lost_civilization_4
Slime:5:  slime_pit_nicolae_trefoil
Orc:1:    layout_caves
Orc:2:    st_orc_ogre_mass, layout_diamond_mine, uniq_rupert
Elf:1:    eino_elf_arrival_customs, layout_loops_corners, serial_shops, shop,
          kennysheep_underground_church, grunt_megastairs_4, minmay_shoptagon
Elf:2:    elven_hall_of_blades_hangedman_alternative
          [nicolae_blade_entry_splitting_headache], layout_geoelf_grid,
          portal_ice_cave_entry_pillars_four, minmay_shop_grove, uniq_aizul
Elf:3:    grunt_elf_hall_spiral, layout_gridlike, fountainhead
Vaults:1: nicolae_vaults_little_squares_4, v_misc_22,
          ontoclasm_vaults_ring_large, nicolae_vaults_shipping_containers_6,
          nicolae_vaults_sesquioval_fish, nicolae_vaults_closet_pinwheel_3,
          nicolae_vaults_offset_grid_hallway_2, vaults_room_corners,
          v_alt_pattern_4, ontoclasm_vaults_gateway, nicolae_vaults_two_Ls,
          v_misc_11, nicolae_vaults_tetromino_L_2, v_rooms_1, v_alt_pattern_1,
          vaults_standard_mumra_x, layout_vaults_omnibox, serial_shops,
          nicolae_shop_bloodbath_and_beyond, uniq_saint_roka
Vaults:2: nicolae_vaults_tetromino_T_1, grunt_vaults_bifocal, v_misc_3,
          nicolae_vaults_tangram_2, nicolae_vaults_little_squares_1,
          nicolae_vaults_hexular_roomagon, nicolae_vaults_little_squares_6,
          nicolae_vaults_alarming, v_misc_13,
          nicolae_vaults_storage_room_statues,
          nicolae_vaults_taking_the_gang_shopping, layout_vaults_quadrants
Vaults:3: ontoclasm_vaults_hangar, minmay_crypt_entry_simple_round,
          vaults_room_hangedman_quadrants, nicolae_vaults_inception_corners,
          v_misc_10, nicolae_vaults_trapezoid_lopsided_2, vaults_mumra_hexcomb,
          ontoclasm_vaults_ligature, hangedman_vaults_restitches,
          ontoclasm_vaults_fault, nicolae_vaults_surprise_closet,
          ontoclasm_vaults_chip, nicolae_vaults_diagonal_hallway_6,
          layout_vaults_maze_snakey, serial_shops, shop
Vaults:4: st_more_cells, nicolae_vaults_network_barrier,
          hangedman_vaults_cutoff, vaults_dpeg_encased_lava, v_misc_28,
          nicolae_vaults_octothorpe, nicolae_vaults_storage_room_doors,
          vaults_mumra_hex, v_misc_24, nicolae_vaults_surprise_closet,
          vaults_room_hallway, layout_vaults_big_room, serial_shops, shop,
          nicolae_shop_drivethru, shop, shop, shop
Vaults:5
Crypt:1:  layout_misc_corridors, st_stairs_3, grunt_crypt_arrival_guarded_gate,
          grunt_megastairs_2
Crypt:2:  layout_misc_corridors, basic_altar
Crypt:3:  grunt_crypt_end_deaths_head
Depths:1: layout_roguey, hell_entry, minmay_misc_feat_secret_circle, ice2_lemuel
Depths:2: kennysheep_snake, layout_basic, serial_sigils,
          serial_sigils_hangedman_stare, serial_sigils_hangedman_clutch,
          serial_sigils_hangedman_writhe, serial_sigils_hangedman_etch,
          pf_hell_entry_tar_spiral, hangedman_abyss_entry_splay, pan_entry,
          kennysheep_okawaru_gauntlet
Depths:3: minmay_tearing_corner, layout_cave_shapes, serial_shops, shop,
          minmay_room_of_horrors, glass_columns_b, grunt_hell_entry_dis_mu,
          gammafunk_ghost_ooze
Depths:4: grunt_zot_entry_tricorne, layout_cave_pools, enter_ziggurat_d,
          minivault_11, abyss_entry_flame_altar, lightli_too_deep,
          enter_trove_1, dispersion_dpeg
Zot:1:    grunt_deathspiral_small, layout_onion_interference, st_stairs_11
Zot:2:    layout_onion
Zot:3:    layout_misc_corridors, nicolae_zig_zag_zippers,
          regret_index_zotdec_banners
Zot:4:    layout_cathedral_of_symmetry, grunt_megastairs_5, uniq_parghit
Zot:5:    layout_gridlike

Skill      XL: |  1  2  3  4  5  6  7  8  9 10 11 12 13 14 15 16 17 18 19 20 21 22 23 24 25 26 27 |
---------------+----------------------------------------------------------------------------------+-----
Spellcasting   | 3 4 5 7 10 12 15 16 17 18 19 20 21 22 25 | 25.7
Earth Magic    | 4 5 6 7 10 12 13 14 15 | 15.0
Conjurations   | 1 3 4 6 8 9 10 11 13 16 22 24 25 27 | 27.0
Fighting       | 3 4 5 9 10 13 15 18 | 18.5
Shields        | 4 7 10 11 12 | 12.0
Dodging        | 3 6 8 10 13 14 | 14.0
Evocations     | 4 |  4.0
Armour         | 2 4 10 | 10.0
Transmutations | 5 8 |  8.0
Necromancy     | 5 |  5.2
Fire Magic     | 4 10 15 19 21 22 23 24 | 24.9
Invocations    | 2 10 12 27 | 27.0
Stealth        | |  1.4

Action                     |  1- 3 |  4- 6 |  7- 9 | 10-12 | 13-15 | 16-18 | 19-21 | 22-24 | 25-27 || total
---------------------------+-------+-------+-------+-------+-------+-------+-------+-------+-------++-------
  Melee: Unarmed           |     6 |       |       |       |       |       |       |       |       ||     6
         Dagger            |       |       |     2 |    28 |    24 |       |       |       |       ||    54
         Shortbow          |       |       |     2 |       |       |       |       |       |       ||     2
         Staff             |       |       |       |    19 |    12 |    96 |    90 |    70 |   132 ||   419
   Fire: Orcbow            |       |    29 |    37 |       |       |       |       |       |       ||    66
         Shortbow          |       |       |    30 |     8 |       |       |       |       |       ||    38
  Throw: Dart              |       |       |       |       |     4 |       |       |       |       ||     4
   Cast: Sandblast         |    26 |    36 |    62 |    74 |   149 |    34 |       |       |       ||   381
         Stone Arrow       |       |     3 |    34 |   116 |   226 |   102 |       |       |       ||   481
         Passwall          |       |       |     2 |     6 |     3 |     2 |    16 |       |    11 ||    40
         Lee's Rapid Decon |       |       |       |    30 |    40 |    82 |    83 |    17 |    22 ||   274
         Irradiate         |       |       |       |       |     6 |    50 |    36 |    30 |    49 ||   171
         Bombard           |       |       |       |       |       |   129 |   194 |   161 |   265 ||   749
         Borgnjor's Vile C |       |       |       |       |       |    49 |    64 |    31 |    16 ||   160
         Ignition          |       |       |       |       |       |       |    32 |   116 |   172 ||   320
         Sublimation of Bl |       |       |       |       |       |       |       |    30 |   239 ||   269
         Blink             |       |       |       |       |       |       |       |     2 |    10 ||    12
         Fire Storm        |       |       |       |       |       |       |       |       |   204 ||   204
 Invoke: Depart the Abyss  |       |       |       |       |       |     1 |       |       |     1 ||     2
         Enter the Abyss   |       |       |       |       |       |       |       |       |     2 ||     2
  Evoke: Wand              |       |       |       |     8 |     3 |    16 |     6 |     5 |    11 ||    49
         Lightning rod     |       |       |       |       |     6 |    10 |       |       |       ||    16
         Box of beasts     |       |       |       |       |       |     1 |     1 |       |       ||     2
    Use: Scroll            |       |     3 |     6 |     6 |    11 |    16 |     5 |     7 |    18 ||    72
         Potion            |       |       |     1 |     3 |     1 |     4 |     5 |     3 |    25 ||    42
   Stab: Distracted        |       |       |       |       |       |     1 |       |       |     1 ||     2
 Armour: Robe              |    11 |    23 |    56 |   137 |       |       |       |       |       ||   227
         Troll leather arm |       |       |       |       |   209 |   340 |   306 |   287 |   349 ||  1491
  Dodge: Dodged            |    10 |    24 |    30 |   124 |   143 |   191 |   184 |   153 |   240 ||  1099
  Block: Kite shield       |       |       |       |   115 |   178 |   245 |   227 |   235 |   422 ||  1422

Table legend: (Time is in decaauts)
 A = Elapsed time spent in this place.
 B = Non-inter-level travel time spent in this place.
 C = Inter-level travel time spent in this place.
 D = Time resting spent in this place.
 E = Time spent auto-exploring this place.
 F = Levels seen in this place.
 G = Mean time per level.
                   A        B        C        D        E       F      G
               +--------+--------+--------+--------+--------+-----+--------+
         Total |  23361 |  22298 |   1063 |    154 |     11 |  76 |  307.4 |
       Dungeon |   5644 |   5414 |    230 |     48 |      0 |  15 |  376.3 |
          Lair |   2575 |   2278 |    297 |      0 |      0 |   5 |  515.0 |
        Shoals |   2028 |   1950 |     78 |     27 |      0 |   4 |  507.0 |
     Snake Pit |   2335 |   2116 |    219 |      8 |      0 |   4 |  583.8 |
    Slime Pits |    603 |    537 |     66 |     38 |      0 |   5 |  120.6 |
  Orcish Mines |    832 |    797 |     35 |      0 |      0 |   2 |  416.0 |
   Elven Halls |   1380 |   1377 |      3 |      0 |      0 |   3 |  460.0 |
        Vaults |   2674 |   2674 |      0 |      0 |      0 |   5 |  534.8 |
         Crypt |    891 |    891 |      0 |      0 |      0 |   3 |  297.0 |
        Depths |   1858 |   1734 |    124 |      0 |      0 |   4 |  464.5 |
           Zot |   1118 |   1108 |     10 |      0 |      0 |   5 |  223.6 |
         Abyss |    401 |    401 |      0 |      0 |      0 |   3 |  133.7 |
      Ziggurat |    602 |    602 |      0 |     33 |     11 |  15 |   40.1 |
         Sewer |    133 |    133 |      0 |      0 |      0 |   1 |  133.0 |
        Bailey |     28 |     28 |      0 |      0 |      0 |   1 |   28.0 |
      Gauntlet |    251 |    251 |      0 |      0 |      0 |   1 |  251.0 |
               +--------+--------+--------+--------+--------+-----+--------+

Top non-repeatable levels by time:
 Snake:4: 1295 daAuts
Vaults:5: 1192 daAuts
Shoals:4: 825 daAuts
  Lair:5: 759 daAuts
Depths:2: 750 daAuts
    D:11: 728 daAuts
   Orc:2: 660 daAuts
  Lair:4: 620 daAuts
    D:10: 582 daAuts
Depths:3: 580 daAuts
 Crypt:3: 552 daAuts
   Elf:1: 543 daAuts
 Snake:2: 539 daAuts
   Elf:3: 486 daAuts
     D:5: 482 daAuts

Table legend:
 A = Kills in this place as a percentage of kills in the entire game.
 B = Kills by you in this place as a percentage of kills by you in the entire game.
 C = Kills by friends in this place as a percentage of kills by friends in the entire game.
 D = Other kills in this place as a percentage of other kills in the entire game.
 E = Experience gained in this place as a percentage of experience gained in the entire game.
 F = Experience gained in this place divided by the number of levels of this place that you have seen.
                   A       B       C       D       E      F
               +-------+-------+-------+-------+-------+----------------------
         Total | 100.0 | 100.0 | 100.0 | 100.0 | 100.0 | 19401.5
       Dungeon |  15.6 |  15.7 |   0.0 |   0.0 |   4.6 | 4565.7
          Lair |   7.9 |   8.0 |   0.0 |   0.0 |   3.8 | 11067.0
        Shoals |   6.4 |   6.4 |   0.0 |   0.0 |   5.3 | 19514.0
     Snake Pit |   7.9 |   8.0 |   0.0 |   0.0 |   6.6 | 24297.2
    Slime Pits |   2.1 |   2.1 |   0.0 |   0.0 |   2.9 | 8623.4
  Orcish Mines |   2.5 |   2.5 |   0.0 |   0.0 |   1.3 | 9943.5
   Elven Halls |   4.8 |   4.8 |   0.0 |   0.0 |   5.6 | 27452.0
        Vaults |  13.0 |  13.0 |   0.0 | 100.0 |  16.3 | 48054.0
         Crypt |   7.7 |   7.7 |   0.0 |   0.0 |   6.4 | 31625.3
        Depths |  11.7 |  11.7 |  12.5 |   0.0 |  16.2 | 59813.0
           Zot |   8.3 |   8.2 |  50.0 |   0.0 |  18.1 | 53253.6
         Abyss |   2.7 |   2.7 |   0.0 |   0.0 |   2.0 | 9958.3
      Ziggurat |   8.4 |   8.3 |  37.5 |   0.0 |  10.6 | 10378.5
         Sewer |   0.2 |   0.2 |   0.0 |   0.0 |   0.0 | 122.0
        Bailey |   0.2 |   0.2 |   0.0 |   0.0 |   0.0 | 563.0
      Gauntlet |   0.5 |   0.5 |   0.0 |   0.0 |   0.2 | 3183.0
               +-------+-------+-------+-------+-------+----------------------
